Workbook

Sheet Data
A1: DATE BUY | B1: TICK | C1: SHARE | D1: BUY PRICE | E1: STOP LOSS | F1: PRICE TARGET | G1: RISK RATIO | H1: EQUITY | I1: % of Cap. | J1: DATE SELL | K1: SELL PRICE | L1: $ RETURN | M1: % RETURN | N1: Capital | O1: % CAPITAL | P1: CODE | Q1: Days Held | R1: NOTES
A2: 45067 | B2: DLPN | C2: 100 | D2: 0.6349 | E2: 0.5 | F2: 0.7 | G2: =(F2-D2)/(D2-E2) -> 0.48257969 | H2: =C2*D2 -> 63.49 | I2: =H2/IF(ISBLANK(N2),LOOKUP(2,1/(N:N<>""),N:N),N2) -> 0.098434109 | J2: 45080 | K2: 0.75 | L2: =IF(Table224[[#This Row],[SELL PRICE]]>0,(K2-D2)*C2,1/0) -> 11.51 | M2: =IF(Table224[[#This Row],[SELL PRICE]]=0,0,L2/H2) -> 0.18128839 | N2: ='Dashboard and Summary'!D2 -> 645 | O2: =L2/N2 -> 0.017844961 | P2: SWINGDIPBUY | Q2: =IF(Table224[[#This Row],[DATE BUY]]>0,MIN( Table224[[#This Row],[DATE SELL]], TODAY())-Table224[[#This Row],[DATE BUY]], 0) -> 13
A3: 45067 | B3: NTEC | C3: 100 | D3: 0.2895 | E3: 0.25 | F3: 0.31 | G3: =(F3-D3)/(D3-E3) -> 0.51898734 | H3: =C3*D3 -> 28.95 | I3: =H3/IF(ISBLANK(N3),LOOKUP(2,1/(N:N<>""),N:N),N3) -> 0.044949926 | J3: 45067 | K3: 0.28 | L3: =(K3-D3)*C3 -> -0.95 | M3: =IF(Table224[[#This Row],[SELL PRICE]]=0,0,L3/H3) -> -0.032815199 | N3: =N2+Table224[[#This Row],[$ RETURN]] -> 644.05 | O3: =L3/N3 -> -0.0014750408 | P3: DAYTRADE | Q3: =IF(Table224[[#This Row],[DATE BUY]]>0,MIN( Table224[[#This Row],[DATE SELL]], TODAY())-Table224[[#This Row],[DATE BUY]], 0) -> 0
A4: 45052 | B4: RTW | C4: 93 | D4: =0.357 -> 0.357 | E4: 0.5 | F4: 0.93 | G4: =(F4-D4)/(D4-E4) -> -4.006993 | H4: =C4*D4 -> 33.201 | I4: =H4/IF(ISBLANK(N4),LOOKUP(2,1/(N:N<>""),N:N),N4) -> 0.051233708 | J4: 45067 | K4: 0.3998 | L4: =(K4-D4)*C4 -> 3.9804 | M4: =IF(Table224[[#This Row],[SELL PRICE]]=0,0,L4/H4) -> 0.11988796 | N4: =N3+Table224[[#This Row],[$ RETURN]] -> 648.0304 | O4: =L4/N4 -> 0.0061423044 | P4: INVEST | Q4: =IF(Table224[[#This Row],[DATE BUY]]>0,MIN( Table224[[#This Row],[DATE SELL]], TODAY())-Table224[[#This Row],[DATE BUY]], 0) -> 15
A5: 45144 | B5: DDOG | C5: 97 | D5: 0.8709 | E5: 0.25 | F5: 0.54 | G5: =(F5-D5)/(D5-E5) -> -0.53293606 | H5: =C5*D5 -> 84.4773 | I5: =H5/IF(ISBLANK(N5),LOOKUP(2,1/(N:N<>""),N:N),N5) -> 0.12657095 | J5: 45159 | K5: =Table224[[#This Row],[BUY PRICE]]+0.2 -> 1.0709 | L5: =(K5-D5)*C5 -> 19.4 | M5: =IF(Table224[[#This Row],[SELL PRICE]]=0,0,L5/H5) -> 0.22964749 | N5: =N4+Table224[[#This Row],[$ RETURN]] -> 667.4304 | O5: =L5/N5 -> 0.029066701 | P5: BREAKOUT | Q5: =IF(Table224[[#This Row],[DATE BUY]]>0,MIN( Table224[[#This Row],[DATE SELL]], TODAY())-Table224[[#This Row],[DATE BUY]], 0) -> -3
A6: 45144 | B6: SQQQ | C6: 88 | D6: 0.5255 | E6: 0.5 | F6: 0.54 | G6: =(F6-D6)/(D6-E6) -> 0.56862745 | H6: =C6*D6 -> 46.244 | I6: =H6/IF(ISBLANK(N6),LOOKUP(2,1/(N:N<>""),N:N),N6) -> 0.069983281 | J6: 45159 | K6: 0.45 | L6: =(K6-D6)*C6 -> -6.644 | M6: =IF(Table224[[#This Row],[SELL PRICE]]=0,0,L6/H6) -> -0.14367269 | N6: =N5+Table224[[#This Row],[$ RETURN]] -> 660.7864 | O6: =L6/N6 -> -0.010054686 | P6: CONSOLIDATION | Q6: =IF(Table224[[#This Row],[DATE BUY]]>0,MIN( Table224[[#This Row],[DATE SELL]], TODAY())-Table224[[#This Row],[DATE BUY]], 0) -> -3
A7: 45175 | B7: UVXY | C7: 70 | D7: 0.593 | E7: 0.25 | F7: 0.77 | G7: =(F7-D7)/(D7-E7) -> 0.51603499 | H7: =C7*D7 -> 41.51 | I7: =H7/IF(ISBLANK(N7),LOOKUP(2,1/(N:N<>""),N:N),N7) -> 0.061515763 | J7: 45190 | K7: =Table224[[#This Row],[BUY PRICE]]+0.2 -> 0.793 | L7: =(K7-D7)*C7 -> 14 | M7: =IF(Table224[[#This Row],[SELL PRICE]]=0,0,L7/H7) -> 0.33726813 | N7: =N6+Table224[[#This Row],[$ RETURN]] -> 674.7864 | O7: =L7/N7 -> 0.020747306 | P7: DAYTRADE | Q7: =IF(Table224[[#This Row],[DATE BUY]]>0,MIN( Table224[[#This Row],[DATE SELL]], TODAY())-Table224[[#This Row],[DATE BUY]], 0) -> -34
A8: 45205 | B8: FEAC | C8: 91 | D8: 1.1069 | E8: 0.5 | F8: 1.39 | G8: =(F8-D8)/(D8-E8) -> 0.46646894 | H8: =C8*D8 -> 100.7279 | I8: =H8/IF(ISBLANK(N8),LOOKUP(2,1/(N:N<>""),N:N),N8) -> 0.14535336 | J8: 45220 | K8: =Table224[[#This Row],[BUY PRICE]]+0.2 -> 1.3069 | L8: =(K8-D8)*C8 -> 18.2 | M8: =IF(Table224[[#This Row],[SELL PRICE]]=0,0,L8/H8) -> 0.1806848 | N8: =N7+Table224[[#This Row],[$ RETURN]] -> 692.9864 | O8: =L8/N8 -> 0.026263142 | P8: INVEST | Q8: =IF(Table224[[#This Row],[DATE BUY]]>0,MIN( Table224[[#This Row],[DATE SELL]], TODAY())-Table224[[#This Row],[DATE BUY]], 0) -> -64
A9: 45236 | B9: RKT | C9: 100 | D9: 0.7615 | E9: 0.25 | F9: 1 | G9: =(F9-D9)/(D9-E9) -> 0.46627566 | H9: =C9*D9 -> 76.15 | I9: =H9/IF(ISBLANK(N9),LOOKUP(2,1/(N:N<>""),N:N),N9) -> 0.10680428 | J9: 45251 | K9: =Table224[[#This Row],[BUY PRICE]]+0.2 -> 0.9615 | L9: =(K9-D9)*C9 -> 20 | M9: =IF(Table224[[#This Row],[SELL PRICE]]=0,0,L9/H9) -> 0.26263953 | N9: =N8+Table224[[#This Row],[$ RETURN]] -> 712.9864 | O9: =L9/N9 -> 0.028051026 | P9: BREAKOUT | Q9: =IF(Table224[[#This Row],[DATE BUY]]>0,MIN( Table224[[#This Row],[DATE SELL]], TODAY())-Table224[[#This Row],[DATE BUY]], 0) -> -95
A10: 45266 | B10: CMPS | C10: 100 | D10: 0.829 | E10: 0.5 | F10: 0.39 | G10: =(F10-D10)/(D10-E10) -> -1.3343465 | H10: =C10*D10 -> 82.9 | I10: =H10/IF(ISBLANK(N10),LOOKUP(2,1/(N:N<>""),N:N),N10) -> 0.11757424 | J10: 45281 | K10: 0.75 | L10: =(K10-D10)*C10 -> -7.9 | M10: =IF(Table224[[#This Row],[SELL PRICE]]=0,0,L10/H10) -> -0.095295537 | N10: =N9+Table224[[#This Row],[$ RETURN]] -> 705.0864 | O10: =L10/N10 -> -0.011204301 | P10: CONSOLIDATION | Q10: =IF(Table224[[#This Row],[DATE BUY]]>0,MIN( Table224[[#This Row],[DATE SELL]], TODAY())-Table224[[#This Row],[DATE BUY]], 0) -> -125

Sheet Dashboard and Summary
A1: Avg Position Size | D1: Initial Capital | E1: Available Cash | F1: Last Capital | G1: Return % | H1: Return $ | K1: % Calculator | P1: Wins / Win% | Q1: Loss / Loss% | R1: WL Ratio
A2: % of Capital | B2: =AVERAGE(Data!I:I) -> 0.091379958 | D2: =445+100-50+50+50+50 -> 645 | E2: =LOOKUP(2,1/(Data!N:N<>""),Data!N:N)-SUMIFS(Data!H:H,Data!D:D,">0",Data!M:M,"=0") -> 705.0864 | F2: =LOOKUP(2,1/(Data!N:N<>""),Data!N:N) -> 705.0864 | G2: =(F2-D2)/D2 -> 0.093157209 | H2: =F2-D2 -> 60.0864 | K2: Buy | L2: 1.44 | P2: =COUNTIF(Data!M:M,">0") -> 6 | Q2: =COUNTIF(Data!M:M,"<0") -> 3 | R2: =P2/(Q2) -> 2
A3: Goal | B3: 11-15% | K3: Sell | L3: 1.8 | P3: =(P2)/(P2+Q2) -> 0.66666667 | Q3: =100%-P3 -> 0.33333333 | R3: 1
K4: Shares | L4: 65
A5: SHARPE | B5: Open Pos | C5: Avg. Day Hold | D5: All Trades | K5: Pos. Sz | L5: =L4*L2 -> 93.6
A6: =(H2-0.1*D2)/_xlfn.STDEV.P(Data!N:N) -> -0.17930569 | B6: =COUNTIFS(Data!D:D,">0",Data!M:M,"=0") -> 0 | C6: =SUMIF(Data!Q:Q,">0")/COUNTIF(Data!Q:Q,">0") -> 14 | D6: =COUNTIF(Data!A:A,">0") -> 9 | K6: Gain | L6: =(L3-L2)/L2 -> 0.25
K7: Gain $ | L7: =(L3-L2)*L4 -> 23.4
A8: 2R(+)$ % of CAP | B8: =ABS(SUMIF(Data!M:M,">0",Data!O:O))/P2 -> 0.021352573 | D8: Average % Return | F8: Avg. Sz | G8: Goal Sz
A9: 1R(-)$ % of CAP | B9: =ABS(SUMIF(Data!M:M,"<0",Data!O:O))/Q2 -> 0.0075780092 | C9: Goal | D9: (+) | E9: =SUMIF(Data!M:M,">0",Data!M:M)/COUNTIF(Data!M:M,">0") -> 0.21856938 | F9: =AVERAGE(Data!H:H) -> 61.961133 | G9: =0.1*F2 -> 70.50864
A10: Profit Ratio | B10: =B8/IF(B9=0,1,B9) -> 2.8177022 | C10: 2 | D10: (-) | E10: =SUMIF(Data!M:M,"<0",Data!M:M)/COUNTIF(Data!M:M,"<0") -> -0.090594476
C11: Exp. Ret. 250 Trades | E11: =(P3*E9+(1-P3)*E10)*F9*250 -> 1789.3564
E13: Average
A14: CODES | B14: Total | C14: Wins | D14: PNL | E14: Profit% | F14: Loss% | G14: +R/-R
A15: SWINGDIPBUY | B15: =SUMPRODUCT(--(ISNUMBER(FIND(A15,Data!P:P)))) -> 1 | C15: =COUNTIFS(Data!M:M,">0",Data!P:P,CONCATENATE(A15,"*")) -> 1 | D15: =IFERROR(C15/(B15-C15),"-") -> - | E15: =IFERROR(SUMIFS(Data!M:M,Data!M:M,">0",Data!P:P,CONCATENATE(A15,"*"))/COUNTIFS(Data!M:M,">0",Data!P:P,CONCATENATE(A15,"*")),"-") -> 0.18128839 | F15: =IFERROR(SUMIFS(Data!M:M,Data!M:M,"<0",Data!P:P,CONCATENATE(A15,"*"))/COUNTIFS(Data!M:M,"<0",Data!P:P,CONCATENATE(A15,"*")),"-") -> - | G15: =IFERROR(E15/ABS(F15),"-") -> -
A16: DAYTRADE | B16: =SUMPRODUCT(--(ISNUMBER(FIND(A16,Data!P:P)))) -> 2 | C16: =COUNTIFS(Data!M:M,">0",Data!P:P,CONCATENATE(A16,"*")) -> 1 | D16: =IFERROR(C16/(B16-C16),"-") -> 1 | E16: =IFERROR(SUMIFS(Data!M:M,Data!M:M,">0",Data!P:P,CONCATENATE(A16,"*"))/COUNTIFS(Data!M:M,">0",Data!P:P,CONCATENATE(A16,"*")),"-") -> 0.33726813 | F16: =IFERROR(SUMIFS(Data!M:M,Data!M:M,"<0",Data!P:P,CONCATENATE(A16,"*"))/COUNTIFS(Data!M:M,"<0",Data!P:P,CONCATENATE(A16,"*")),"-") -> -0.032815199 | G16: =IFERROR(E16/ABS(F16),"-") -> 10.277802
A17: INVEST | B17: =SUMPRODUCT(--(ISNUMBER(FIND(A17,Data!P:P)))) -> 2 | C17: =COUNTIFS(Data!M:M,">0",Data!P:P,CONCATENATE(A17,"*")) -> 2 | D17: =IFERROR(C17/(B17-C17),"-") -> - | E17: =IFERROR(SUMIFS(Data!M:M,Data!M:M,">0",Data!P:P,CONCATENATE(A17,"*"))/COUNTIFS(Data!M:M,">0",Data!P:P,CONCATENATE(A17,"*")),"-") -> 0.15028638 | F17: =IFERROR(SUMIFS(Data!M:M,Data!M:M,"<0",Data!P:P,CONCATENATE(A17,"*"))/COUNTIFS(Data!M:M,"<0",Data!P:P,CONCATENATE(A17,"*")),"-") -> - | G17: =IFERROR(E17/ABS(F17),"-") -> -
A18: BREAKOUT | B18: =SUMPRODUCT(--(ISNUMBER(FIND(A18,Data!P:P)))) -> 2 | C18: =COUNTIFS(Data!M:M,">0",Data!P:P,CONCATENATE(A18,"*")) -> 2 | D18: =IFERROR(C18/IF(B18=C18,B18,(B18-C18)),"-") -> 1 | E18: =IFERROR(SUMIFS(Data!M:M,Data!M:M,">0",Data!P:P,CONCATENATE(A18,"*"))/COUNTIFS(Data!M:M,">0",Data!P:P,CONCATENATE(A18,"*")),"-") -> 0.24614351 | F18: =IFERROR(SUMIFS(Data!M:M,Data!M:M,"<0",Data!P:P,CONCATENATE(A18,"*"))/COUNTIFS(Data!M:M,"<0",Data!P:P,CONCATENATE(A18,"*")),"-") -> - | G18: =IFERROR(E18/ABS(F18),"-") -> -
A19: CONSOLIDATION | B19: =SUMPRODUCT(--(ISNUMBER(FIND(A19,Data!P:P)))) -> 2 | C19: =COUNTIFS(Data!M:M,">0",Data!P:P,CONCATENATE(A19,"*")) -> 0 | D19: =IFERROR(C19/IF(B19=C19,B19,(B19-C19)),"-") -> 0 | E19: =IFERROR(SUMIFS(Data!M:M,Data!M:M,">0",Data!P:P,CONCATENATE(A19,"*"))/COUNTIFS(Data!M:M,">0",Data!P:P,CONCATENATE(A19,"*")),"-") -> - | F19: =IFERROR(SUMIFS(Data!M:M,Data!M:M,"<0",Data!P:P,CONCATENATE(A19,"*"))/COUNTIFS(Data!M:M,"<0",Data!P:P,CONCATENATE(A19,"*")),"-") -> -0.11948411 | G19: =IFERROR(E19/ABS(F19),"-") -> -
A21: Tag | B21: Definition
A22: SWINGDIPBUY | B22: Momentum on the daily, dip to supp on hrly
A23: DAYTRADE | B23: Scalp play or Cup on 5min
A24: INVEST | B24: Momo. On daily. 4 day-10 day hold. Fundamental play
A25: BREAKOUT | B25: BO of consolidation/resistance. On 15min-1hr
A26: CONSOLIDATION | B26: Consolidating after recent big volume green move.
